TOP OF THE 1ST |
Chicago Machine batting - Pitching for Niagara Falls Frenzy : RHP Tom Moore
|
Pitching: RHP Tom Moore
|
|
Batting: LHB Fernando Ortíz
|
0-0: Called Strike 0-1: Fly out, F7 (Flyball, 78S)
|
Batting: SHB Edward Bartlett
|
0-0: Called Strike 0-1: Ball 1-1: SINGLE (Line Drive, 4D)
|
Batting: RHB Doug Stephens
|
0-0: Ball Edward Bartlett steals 2nd base 1-0: Called Strike 1-1: Ground out 6-3 (Groundball, 6)
|
Batting: SHB José Alomar
|
0-0: Swinging Strike 0-1: Called Strike 0-2: Ball 1-2: Strikes out looking
|
Top of the 1st over - 0 run(s), 1 hit(s), 0 error(s), 1 left on base; Chicago 0 - Niagara Falls 0 |
BOTTOM OF THE 1ST |
Niagara Falls Frenzy batting - Pitching for Chicago Machine : LHP Li-xue Si-ma
|
Pitching: LHP Li-xue Si-ma
|
|
Batting: RHB Tomás Estrada
|
0-0: Called Strike 0-1: Ball 1-1: SINGLE (Line Drive, 78M)
|
Batting: RHB Zander Tremblett
|
Pickoff Throw to First - Out! 0-0: Swinging Strike 0-1: Ground out 1-3 (Groundball, 15S)
|
Batting: LHB Clyde Yarbrough
|
0-0: Ground out U3 (Groundball, 3)
|
Bottom of the 1st over - 0 run(s), 1 hit(s), 0 error(s), 0 left on base; Chicago 0 - Niagara Falls 0 |
TOP OF THE 2ND |
Chicago Machine batting - Pitching for Niagara Falls Frenzy : RHP Tom Moore
|
Batting: LHB Kiyonaga Morita
|
0-0: Fly out, F7 (Line Drive, 7S)
|
Batting: RHB Matt Doyle
|
0-0: Called Strike 0-1: Foul Ball, location: 2F 0-2: Ball 1-2: Strikes out looking
|
Batting: SHB Joaquín López
|
0-0: Ball 1-0: Called Strike 1-1: Foul Ball, location: 2F 1-2: Foul Ball, location: 2F 1-2: Foul Ball, location: 2F 1-2: Ball 2-2: Ground out 3-1 (Groundball, 34)
|
Top of the 2nd over - 0 run(s), 0 hit(s), 0 error(s), 0 left on base; Chicago 0 - Niagara Falls 0 |
BOTTOM OF THE 2ND |
Niagara Falls Frenzy batting - Pitching for Chicago Machine : LHP Li-xue Si-ma
|
Batting: LHB Dante Owens
|
0-0: DOUBLE (Line Drive, 9LS)
|
Batting: SHB Martín De Jesús
|
0-0: Ball 1-0: Ball 2-0: Ball 3-0: Called Strike 3-1: Base on Balls
|
Batting: LHB Leo Wyeth
|
0-0: Ball 1-0: Called Strike 1-1: Fly out, F7 (Flyball, 78S) Lined into DP, 7-4 (Flyball, 78S)
|
Batting: RHB Ángel Hinojosa
|
0-0: Called Strike 0-1: Ball 1-1: Called Strike 1-2: Fly out, F8 (Line Drive, 8LXD)
|
Bottom of the 2nd over - 0 run(s), 1 hit(s), 0 error(s), 1 left on base; Chicago 0 - Niagara Falls 0 |
TOP OF THE 3RD |
Chicago Machine batting - Pitching for Niagara Falls Frenzy : RHP Tom Moore
|
Batting: RHB Lorenzo Guzmán
|
0-0: Ball 1-0: Ball 2-0: Called Strike 2-1: Foul Ball, location: 2F 2-2: Foul Ball, location: 2F 2-2: Ball 3-2: SINGLE (Groundball, 4MD)
|
Batting: SHB Jesús Ramírez
|
0-0: Ball 1-0: Called Strike 1-1: Swinging Strike 1-2: Fly out, F8 (Flyball, 8RM)
|
Batting: LHB Fernando Ortíz
|
0-0: Ball 1-0: Foul Ball, location: 2F 1-1: Swinging Strike 1-2: Strikes out swinging
|
Batting: SHB Edward Bartlett
|
0-0: Ball 1-0: Ball 2-0: Called Strike 2-1: SINGLE (Line Drive, 8RS) Lorenzo Guzmán to second
|
Batting: RHB Doug Stephens
|
0-0: Ball 1-0: Fly out, F9 (Flyball, 9S)
|
Top of the 3rd over - 0 run(s), 2 hit(s), 0 error(s), 2 left on base; Chicago 0 - Niagara Falls 0 |
BOTTOM OF THE 3RD |
Niagara Falls Frenzy batting - Pitching for Chicago Machine : LHP Li-xue Si-ma
|
Batting: SHB Dave MacThomas
|
0-0: Ball 1-0: Ball 2-0: Called Strike 2-1: Foul Ball, location: 2F 2-2: Foul Ball, location: 2F 2-2: Strikes out looking
|
Batting: LHB Bill Hall
|
0-0: Foul Ball, location: 2F 0-1: Foul Ball, location: 2F 0-2: Ball 1-2: Foul Ball, location: 2F 1-2: Foul Ball, location: 2F 1-2: Ball 2-2: Strikes out swinging
|
Batting: RHB Tomás Estrada
|
0-0: Ball 1-0: Called Strike 1-1: Foul Ball, location: 2F 1-2: Foul Ball, location: 2F 1-2: Ball 2-2: Foul Ball, location: 2F 2-2: Ball 3-2: Foul Ball, location: 2F 3-2: Foul Ball, location: 2F 3-2: Foul Ball, location: 2F 3-2: DOUBLE (Flyball, 89D)
|
Batting: RHB Zander Tremblett
|
0-0: Ball 1-0: Foul Ball, location: 2F 1-1: Fly out, F7 (Flyball, 7LM)
|
Bottom of the 3rd over - 0 run(s), 1 hit(s), 0 error(s), 1 left on base; Chicago 0 - Niagara Falls 0 |
TOP OF THE 4TH |
Chicago Machine batting - Pitching for Niagara Falls Frenzy : RHP Tom Moore
|
Batting: SHB José Alomar
|
0-0: Called Strike 0-1: Ball 1-1: Called Strike 1-2: Fly out, F8 (Flyball, 8RM)
|
Batting: LHB Kiyonaga Morita
|
0-0: Ball 1-0: Ball 2-0: Called Strike 2-1: Ball 3-1: Base on Balls
|
Batting: RHB Matt Doyle
|
0-0: Foul Ball, location: 2F 0-1: Swinging Strike 0-2: Fly out, F8 (Flyball, 8LS)
|
Batting: SHB Joaquín López
|
0-0: Ball 1-0: Foul Ball, location: 2F 1-1: Ball 2-1: Foul Ball, location: 2F 2-2: Strikes out swinging
|
Top of the 4th over - 0 run(s), 0 hit(s), 0 error(s), 1 left on base; Chicago 0 - Niagara Falls 0 |
BOTTOM OF THE 4TH |
Niagara Falls Frenzy batting - Pitching for Chicago Machine : LHP Li-xue Si-ma
|
Batting: LHB Clyde Yarbrough
|
0-0: Called Strike 0-1: Swinging Strike 0-2: Ball 1-2: Ball 2-2: Ball 3-2: Ground out U3 (Groundball, 3)
|
Batting: LHB Dante Owens
|
0-0: Ground out U3 (Groundball, 3L)
|
Batting: SHB Martín De Jesús
|
0-0: Called Strike 0-1: Ball 1-1: SINGLE (Line Drive, 56)
|
Batting: LHB Leo Wyeth
|
0-0: Ball Wild Pitch! Martín De Jesús to second 1-0: Called Strike 1-1: Foul Ball, location: 2F 1-2: Ball 2-2: Ball 3-2: Base on Balls
|
Batting: RHB Ángel Hinojosa
|
0-0: Called Strike 0-1: Ball 1-1: Called Strike 1-2: Foul Ball, location: 2F 1-2: Foul Ball, location: 2F 1-2: Foul Ball, location: 2F 1-2: Ball 2-2: Strikes out swinging
|
Bottom of the 4th over - 0 run(s), 1 hit(s), 0 error(s), 2 left on base; Chicago 0 - Niagara Falls 0 |
TOP OF THE 5TH |
Chicago Machine batting - Pitching for Niagara Falls Frenzy : RHP Tom Moore
|
Batting: RHB Lorenzo Guzmán
|
0-0: Foul Ball, location: 2F 0-1: Ground out 4-3 (Groundball, 4M)
|
Batting: SHB Jesús Ramírez
|
0-0: Ball 1-0: Ground out 4-3 (Groundball, 4MS)
|
Batting: LHB Fernando Ortíz
|
0-0: Ball 1-0: Ball 2-0: Foul Ball, location: 2F 2-1: Ball 3-1: Foul Ball, location: 2F 3-2: Foul Ball, location: 2F 3-2: SOLO HOME RUN (Flyball, 89XD), Distance : 395 ft
|
Batting: SHB Edward Bartlett
|
0-0: Ground out 5-3 (Groundball, 56S)
|
Top of the 5th over - 1 run(s), 1 hit(s), 0 error(s), 0 left on base; Chicago 1 - Niagara Falls 0 |
BOTTOM OF THE 5TH |
Niagara Falls Frenzy batting - Pitching for Chicago Machine : LHP Li-xue Si-ma
|
Batting: SHB Dave MacThomas
|
0-0: Ball 1-0: Ball 2-0: Ball 3-0: Base on Balls
|
Batting: LHB Bill Hall
|
0-0: Fielders Choice at 2nd, 3-6 (Groundball, 3)
|
Batting: RHB Tomás Estrada
|
0-0: Called Strike 0-1: Grounds into double play, 5-4-3 (Groundball, 5L)
|
Bottom of the 5th over - 0 run(s), 0 hit(s), 0 error(s), 0 left on base; Chicago 1 - Niagara Falls 0 |
TOP OF THE 6TH |
Chicago Machine batting - Pitching for Niagara Falls Frenzy : RHP Tom Moore
|
Batting: RHB Doug Stephens
|
0-0: Ball 1-0: Ball 2-0: Ball 3-0: Ground out 4-3 (Groundball, 4)
|
Batting: SHB José Alomar
|
0-0: Ball 1-0: Called Strike 1-1: Swinging Strike 1-2: DOUBLE (Line Drive, 7LM)
|
Batting: LHB Kiyonaga Morita
|
0-0: Ball 1-0: Called Strike 1-1: Ball 2-1: Ball 3-1: Foul Ball, location: 2F 3-2: Strikes out swinging
|
Batting: RHB Matt Doyle
|
0-0: Ground out U3 (Groundball, 3)
|
Top of the 6th over - 0 run(s), 1 hit(s), 0 error(s), 1 left on base; Chicago 1 - Niagara Falls 0 |
BOTTOM OF THE 6TH |
Niagara Falls Frenzy batting - Pitching for Chicago Machine : RHP Raúl Ruíz
|
Pitching: RHP Raúl Ruíz
|
|
Batting: RHB Zander Tremblett
|
0-0: Ball 1-0: Fly out, F8 (Flyball, 8RM)
|
Batting: LHB Clyde Yarbrough
|
0-0: Ball 1-0: Called Strike 1-1: Fly out, F8 (Line Drive, 8LXD)
|
Batting: LHB Dante Owens
|
0-0: Ball 1-0: Ball 2-0: Ball 3-0: Fly out, F7 (Flyball, 7S)
|
Bottom of the 6th over - 0 run(s), 0 hit(s), 0 error(s), 0 left on base; Chicago 1 - Niagara Falls 0 |
TOP OF THE 7TH |
Chicago Machine batting - Pitching for Niagara Falls Frenzy : RHP Tom Moore
|
Pitching: RHP Jean Burrows
|
|
Batting: SHB Joaquín López
|
0-0: Ground out 4-3 (Groundball, 34)
|
Batting: RHB Lorenzo Guzmán
|
0-0: Ball 1-0: Swinging Strike 1-1: Ball 2-1: Called Strike 2-2: Ball 3-2: Foul Ball, location: 2F 3-2: Strikes out swinging
|
Batting: SHB Jesús Ramírez
|
0-0: Fly out, F7 (Flyball, 7LSF)
|
Top of the 7th over - 0 run(s), 0 hit(s), 0 error(s), 0 left on base; Chicago 1 - Niagara Falls 0 |
BOTTOM OF THE 7TH |
Niagara Falls Frenzy batting - Pitching for Chicago Machine : RHP Raúl Ruíz
|
Batting: SHB Martín De Jesús
|
0-0: Ball 1-0: Foul Ball, location: 2F 1-1: Fly out, F7 (Flyball, 78M)
|
Batting: LHB Leo Wyeth
|
0-0: Called Strike 0-1: Foul Ball, location: 2F 0-2: Ball 1-2: Ball 2-2: Fly out, F4 (Line Drive, 4MD)
|
Batting: RHB Ángel Hinojosa
|
0-0: Ball 1-0: Ball 2-0: Swinging Strike 2-1: Foul Ball, location: 2F 2-2: Ground out 6-3 (Groundball, 6)
|
Bottom of the 7th over - 0 run(s), 0 hit(s), 0 error(s), 0 left on base; Chicago 1 - Niagara Falls 0 |
TOP OF THE 8TH |
Chicago Machine batting - Pitching for Niagara Falls Frenzy : RHP Jean Burrows
|
Batting: LHB Fernando Ortíz
|
0-0: Called Strike 0-1: Called Strike 0-2: SOLO HOME RUN (Flyball, 78XD), Distance : 389 ft
|
Batting: SHB Edward Bartlett
|
0-0: Ground out U3 (Groundball, 3)
|
Batting: RHB Doug Stephens
|
0-0: Ball 1-0: SOLO HOME RUN (Flyball, 7D), Distance : 381 ft
|
Pitching: RHP Mark Head
|
|
Batting: SHB José Alomar
|
0-0: Ball 1-0: Called Strike 1-1: Foul Ball, location: 2F 1-2: Strikes out looking
|
Batting: LHB Kiyonaga Morita
|
0-0: SOLO HOME RUN (Line Drive, 9LD), Distance : 398 ft
|
Batting: RHB Matt Doyle
|
0-0: Fly out, F9 (Flyball, 9LD)
|
Top of the 8th over - 3 run(s), 3 hit(s), 0 error(s), 0 left on base; Chicago 4 - Niagara Falls 0 |
BOTTOM OF THE 8TH |
Niagara Falls Frenzy batting - Pitching for Chicago Machine : RHP Raúl Ruíz
|
Batting: SHB Dave MacThomas
|
0-0: Called Strike 0-1: Called Strike 0-2: Ball 1-2: Ball 2-2: Ball 3-2: Foul Ball, location: 2F 3-2: Foul Ball, location: 2F 3-2: Ground out U3 (Groundball, 3)
|
Batting: LHB Bill Hall
|
0-0: Called Strike 0-1: Swinging Strike 0-2: Ball 1-2: Ball 2-2: Foul Ball, location: 2F 2-2: Foul Ball, location: 2F 2-2: Ball 3-2: Foul Ball, location: 2F 3-2: Foul Ball, location: 2F 3-2: Foul Ball, location: 2F 3-2: Ground out 4-3 (Groundball, 4)
|
Batting: RHB Tomás Estrada
|
0-0: Ball 1-0: Ball 2-0: Foul Ball, location: 2F 2-1: SINGLE (Line Drive, 56)
|
Batting: RHB Zander Tremblett
|
0-0: Ball 1-0: Foul Ball, location: 2F 1-1: Swinging Strike 1-2: Ball 2-2: Ground out 1-3 (Groundball, 15S)
|
Bottom of the 8th over - 0 run(s), 1 hit(s), 0 error(s), 1 left on base; Chicago 4 - Niagara Falls 0 |
TOP OF THE 9TH |
Chicago Machine batting - Pitching for Niagara Falls Frenzy : RHP Mark Head
|
Batting: SHB Joaquín López
|
0-0: Called Strike 0-1: SINGLE (Groundball, 3D)
|
Batting: RHB Lorenzo Guzmán
|
0-0: Ball 1-0: Sac Bunt - play at first, batter OUT! 3-4 Joaquín López to second
|
Batting: SHB Jesús Ramírez
|
0-0: Foul Ball, location: 2F 0-1: Fly out, F7 (Flyball, 78D)
|
Batting: LHB Fernando Ortíz
|
0-0: Ball 1-0: Foul Ball, location: 2F 1-1: Foul Ball, location: 2F 1-2: Foul Ball, location: 2F 1-2: Strikes out looking
|
Top of the 9th over - 0 run(s), 1 hit(s), 0 error(s), 1 left on base; Chicago 4 - Niagara Falls 0 |
BOTTOM OF THE 9TH |
Niagara Falls Frenzy batting - Pitching for Chicago Machine : RHP Raúl Ruíz
|
Pitching: LHP Ricardo Guichardo
|
|
Batting: LHB Clyde Yarbrough
|
0-0: Called Strike 0-1: Called Strike 0-2: Ball 1-2: Fly out, F8 (Flyball, 8LM)
|
Batting: LHB Dante Owens
|
0-0: Ball 1-0: Swinging Strike 1-1: Ball 2-1: Called Strike 2-2: Ball 3-2: Foul Ball, location: 2F 3-2: Foul Ball, location: 2F 3-2: Foul Ball, location: 2F 3-2: Strikes out swinging
|
Batting: SHB Martín De Jesús
|
0-0: Called Strike 0-1: SOLO HOME RUN (Flyball, 7D), Distance : 385 ft
|
Batting: LHB Leo Wyeth
|
0-0: Foul Ball, location: 2F 0-1: Ball 1-1: Foul Ball, location: 2F 1-2: Fly out, F8 (Flyball, 8LXD)
|
Bottom of the 9th over - 1 run(s), 1 hit(s), 0 error(s), 0 left on base; Chicago 4 - Niagara Falls 1 |
|